 Dungeon Crawl Stone Soup version 0.15.0-23-gc2b521c (webtiles) character file.

60 Johnny the Charmwright (level 4, 0/34 HPs)
             Began as a Formicid Skald on Sept 8, 2014.
             Killed from afar by an orc wizard (4 damage)
             ... with a magic dart
             ... on Level 2 of the Dungeon.
             The game lasted 00:04:55 (2986 turns).

Johnny the Charmwright (Formicid Skald)             Turns: 2986, Time: 00:04:56

HP   0/34        AC  2     Str 17      XL: 4   Next: 24%
MP   7/9         EV 12     Int 11      God:
Gold 84          SH  0     Dex 11      Spells:  3 memorised,  1 level left

rFire  . . .     SeeInvis +     a - +0 mace
rCold  . . .     Clarity  .     e - +0 robe (curse)
rNeg   . . .     rCorr    .     (no shield)
rPois  .         rRot     .     (helmet unavailable)
rElec  .         Spirit   .     (no cloak)
SustAb .         Warding  .     (no gloves)
rMut   .         Stasis   +     (no boots)
Gourm  .                        (no amulet)
MR     .....                    (no ring)
                                (no ring)

@: infused, not resistant to hostile enchantments, very unstealthy
A: permanent stasis, dig shafts and tunnels, four strong arms, antennae 3
a: Dig, Shaft Self


You were on level 2 of the Dungeon.
You were very hungry.

You visited 1 branch of the dungeon, and saw 3 of its levels.

You collected 84 gold pieces.

Inventory:

Hand weapons
 a - a +0 mace (weapon)
Armour
 e - a cursed +0 robe (worn)
 i - a +0 chain mail
Comestibles
 d - a bread ration
 g - 5 fruits
 l - a beef jerky
Scrolls
 h - a scroll of fog
 k - a scroll of recharging {unknown}
 m - a scroll of amnesia {unknown}
 n - a scroll of enchant weapon {unknown}
Potions
 f - a potion of curing {unknown}
 j - a potion of heal wounds {unknown}
Books
 b - a book of Transfigurations

   Spells                             Type                      Level
   Stoneskin                          Transmutation/Earth          2
   Ice Form                           Ice/Transmutation            4
   Statue Form                        Transmutation/Earth          6
   Dragon Form                        Transmutation                7
 c - a book of Battle

   Spells                             Type                      Level
   *Infusion                          Charms                       1
   *Shroud of Golubria                Charms/Translocation         2
   Song of Slaying                    Charms                       2
   Spectral Weapon                    Hexes/Charms                 3
   *Regeneration                      Charms/Necromancy            3


   Skills:
 * Level 2.9 Fighting
 * Level 2.4 Maces & Flails
 * Level 1.8 Armour
 * Level 1.5 Dodging
 * Level 2.3 Spellcasting
 * Level 3.4 Charms
 * Level 0.0 Necromancy
 * Level 0.0 Translocations


You had one spell level left.
You knew the following spells:

 Your Spells              Type           Power        Failure   Level  Hunger
a - Infusion              Chrm           #.....       10%         1    ##.....
b - Shroud of Golubria    Chrm/Tloc      #.........   24%         2    ###....
c - Regeneration          Chrm/Necr      #.........   47%         3    ####...


Dungeon Overview and Level Annotations

Branches:
Dungeon (3/15)

Altars:


Innate Abilities, Weirdness & Mutations

Your are under a permanent stasis effect.
You can dig through walls and to a lower floor.
Your four strong arms can wield two-handed weapons with a shield.
You have a pair of large antennae on your head (SInv).


Message History

The orc wizard hits you with a dagger.
* * * LOW HITPOINT WARNING * * *
The orc wizard closely misses you.
You are too injured to fight recklessly!
You are too injured to fight recklessly!
You are too injured to fight recklessly!
You are too injured to fight recklessly!
You are too injured to fight recklessly!
You are too injured to fight recklessly!
You closely miss the orc wizard.
The orc wizard is lightly wounded.
The orc wizard mumbles some strange words.
The orc wizard blinks!
The orc wizard hits you with a dagger.
* * * LOW HITPOINT WARNING * * *
You barely miss the orc wizard. The orc wizard hits you with a dagger.
* * * LOW HITPOINT WARNING * * *
The orc wizard casts a spell at you. The magic dart hits you!
You die...

#...........#
#...........#
##..)%.......#
##.♣...########
##.......#
#.♣...♣..#
#........#
#...>....#
#...@....#
#.♣.o.♣..#
##.......#
##.♣...##
##...## #####


You could see an orc wizard.

Vanquished Creatures
  A worm (D:2)
  6 bats
  6 giant cockroaches
  6 hobgoblins
  8 jackals
  3 giant newts
  4 goblins
  6 kobolds
  A quokka (D:3)
  10 rats
51 creatures vanquished.

Notes
Turn   | Place    | Note
--------------------------------------------------------------
     0 | D:1      | Johnny, the Formicid Skald, began the quest for the Orb.
     0 | D:1      | Reached XP level 1. HP: 16/16 MP: 3/3
    27 | D:1      | Reached skill level 1 in Dodging
   216 | D:1      | Reached XP level 2. HP: 12/23 MP: 5/5
   664 | D:1      | Reached XP level 3. HP: 20/28 MP: 7/7
  2284 | D:2      | Reached XP level 4. HP: 31/34 MP: 9/9
  2592 | D:2      | Learned a level 2 spell: Shroud of Golubria
  2596 | D:2      | Learned a level 3 spell: Regeneration
  2986 | D:2      | Killed from afar by an orc wizard

Action                   |  1- 3 |  4- 6 || total
-------------------------+-------+-------++-------
Melee: Mace              |   152 |    44 ||   196
 Cast: Infusion          |     8 |     2 ||    10
  Use: Scroll            |     3 |       ||     3
  Eat: Meat ration       |     1 |       ||     1
       Chunk             |     1 |       ||     1
